AoeStats
← Cinnamoroll

Hill Fort

506564968Analyzed
4v4 RM · 17d ago on Sep 14, 2026· 42m 52s· 8 players
Game mode
Random Map
Map size
Large (8 player)
Population
200
Speed
Normal
Resources
Standard
Victory
Conquest
Starting age
Dark Age
Ending age
Imperial Age
RankedLock teamsTeams togetherTeam positionsShared explorationLock speedFull tech treeHidden civsTurbo modeCheats
Victory
Defeat
🇳🇿 Malay · New Zealand
1598
+12
🇦🇷 Persians · Argentina
1591
+12
🇨🇦 Tupi · Canada
1438
+19
🇺🇸 Ethiopians · United States
1437
+18
🇨🇦 Inca · Canada
1535
-17
🇨🇴 Byzantines · Colombia
1530
-16
🇺🇸 Dravidians · United States
1494
-15
🇺🇸 Shu · United States
1434
-13
jimmy
10:57 Feudal Age
10:07 Loom
11:21 Horse Collar
16:43 Castle Age
14:53 Double-Bit Axe
17:37 Bow Saw
17:50 Heavy Plow
24:49 Wheelbarrow
23:59 Town Watch
26:36 Gold Mining
27:44 Hand Cart
27:27 Stone Mining
28:05 Pikeman
28:46 Squires
31:30 Imperial Age
29:15 Scale Mail Armor
29:25 Forging
29:22 Squires
29:07 Arson
30:27 Chain Mail Armor
31:44 Halberdier
33:00 Wootz Steel
33:00 Conscription
33:46 Plate Mail Armor
33:51 Iron Casting
35:08 Ballistics
35:48 Chemistry
34:33 Elite Elephant Archer
35:19 Thumb Ring
36:53 Fletching
37:04 Padded Archer Armor
38:34 Bodkin Arrow
39:53 Bracer
42:14 Leather Archer Armor
43:00 Blast Furnace
johnnyboy
10:36 Feudal Age
15:22 Castle Age
13:38 Double-Bit Axe
14:03 Horse Collar
16:01 Loom
21:38 Bow Saw
25:08 Wheelbarrow
24:21 Town Watch
29:05 Gold Mining
29:05 Stone Mining
29:27 Heavy Plow
30:29 Hand Cart
30:39 Fletching
31:55 Padded Archer Armor
31:53 Bodkin Arrow
32:23 Squires
33:29 Coiled Serpent Array
33:31 Scale Mail Armor
36:59 Imperial Age
35:26 Gold Shaft Mining
35:31 Ballistics
35:22 Masonry
36:18 Chain Mail Armor
36:13 Forging
38:40 Two-Man Saw
38:13 Plate Mail Armor
37:05 Elite White Feather Guard
38:08 Conscription
38:17 Bracer
39:33 Chemistry
40:28 Architecture
Giacomo
10:35 Feudal Age
15:11 Castle Age
13:39 Double-Bit Axe
14:31 Horse Collar
15:44 Crossbowman
16:32 Loom
17:01 Fletching
18:58 Bodkin Arrow
22:40 Padded Archer Armor
23:45 Elite Skirmisher
27:24 Bow Saw
28:37 Ballistics
28:43 Murder Holes
32:25 Wheelbarrow
36:00 Imperial Age
33:08 Pikeman
34:54 Leather Archer Armor
36:43 Bracer
37:47 Chemistry
38:12 Ring Archer Armor
37:44 Scale Mail Armor
40:54 Conscription
Cinnamoroll
11:38 Feudal Age
15:26 Castle Age
14:31 Double-Bit Axe
14:27 Horse Collar
15:02 Gold Mining
15:49 Loom
16:54 Bow Saw
20:56 Elite Skirmisher
23:07 Ballistics
23:00 Padded Archer Armor
22:50 Fletching
25:34 Leather Archer Armor
25:45 Bodkin Arrow
31:37 Sanctity
31:53 Redemption
32:23 Redemption
zhazhahui
11:23 Feudal Age
15:02 Castle Age
14:30 Double-Bit Axe
14:33 Horse Collar
14:44 Gold Mining
14:40 Horse Collar
14:57 Gold Mining
15:14 Loom
19:39 Fletching
20:34 Wheelbarrow
21:25 Bodkin Arrow
21:55 Padded Archer Armor
24:00 Leather Archer Armor
25:52 Hand Cart
26:00 Ballistics
26:40 Bow Saw
26:31 Heavy Plow
27:56 Town Watch
29:16 Gold Shaft Mining
32:32 Imperial Age
33:25 Bracer
33:56 Ring Archer Armor
32:53 Elite Blackwood Archer
33:55 Conscription
36:29 Chemistry
35:37 Curare
39:26 Murder Holes
39:11 Treadmill Crane
43:35 Two-Man Saw
42:26 Stone Mining
鸭子
10:00 Feudal Age
11:56 Loom
15:33 Castle Age
13:50 Double-Bit Axe
14:25 Gold Mining
14:29 Horse Collar
17:35 Wheelbarrow
17:35 Bow Saw
17:50 Heavy Plow
21:22 Crossbowman
22:15 Fletching
25:12 Bodkin Arrow
25:58 Padded Archer Armor
27:00 Hand Cart
27:03 Leather Archer Armor
27:37 Scale Mail Armor
27:44 Stone Mining
28:35 Gold Shaft Mining
30:06 Forging
33:37 Imperial Age
32:01 Squires
32:38 Iron Casting
32:28 Thumb Ring
33:52 Chain Mail Armor
34:35 Bracer
35:39 Chemistry
34:00 Arbalester
35:13 Ring Archer Armor
34:30 Halberdier
35:55 Royal Heirs
36:21 Conscription
36:39 Torsion Engines
38:18 Blast Furnace
38:47 Plate Mail Armor
38:57 Ballistics
39:25 Siege Engineers
41:40 Man-at-Arms
42:50 Elite Skirmisher
Kant be real
8:44 Loom
10:29 Feudal Age
16:05 Castle Age
14:47 Double-Bit Axe
15:09 Horse Collar
15:40 Fletching
16:56 Town Watch
17:42 Bodkin Arrow
19:15 Bow Saw
22:19 Padded Archer Armor
24:22 Ballistics
26:22 Leather Archer Armor
26:54 Bloodlines
26:45 Husbandry
37:46 Imperial Age
35:52 Wheelbarrow
37:35 Scale Barding Armor
37:30 Cavalier
38:12 Gold Mining
38:14 Stone Mining
39:35 Chemistry
39:14 Chain Barding Armor
40:34 Plate Barding Armor
mmmbokchoi
11:35 Feudal Age
15:17 Castle Age
13:25 Double-Bit Axe
15:55 Bow Saw
15:38 Loom
17:53 Horse Collar
19:24 Heavy Plow
19:54 Loom
23:32 Wheelbarrow
23:19 Town Watch
24:42 Gold Mining
29:33 Imperial Age
27:05 Husbandry
27:12 Scale Barding Armor
27:54 Gold Shaft Mining
27:31 Forging
28:04 Town Patrol
28:21 Hand Cart
30:22 Iron Casting
29:55 Elite Battle Elephant
33:07 Blast Furnace
32:45 Conscription
34:37 Chemistry
33:43 Siege Engineers
33:20 Treadmill Crane
34:59 Masonry
37:27 Fletching
41:04 Capped Ram
43:10 Coinage
42:41 Caravan
Connection lost

Rejoining the realm…

Still unreachable

The connection could not be restored.

Session expired

The server has moved on; the page needs a fresh start.